Map: Submarine LE

Players

AlexKidd

  • Race: Terran Terran
  • League: Diamond
  • Spawn Location: 11:00

CRAM - Winner!

  • Race: Terran Terran
  • League: Diamond
  • Spawn Location: 5:00

VOD

Have the link to the VOD?

Description

Time

  • Played on: Nov. 22, 2020, 2:15 a.m.
  • Length: 7:08
Show
View Real Time Build Order
Export as new Build Order

AlexKidd Terran 

Build Orders: Reaper Expand 

Get SALT Encoding   

  12  0:00  SCV  
  13  0:12  SCV  
  14  0:17  Supply Depot  
  14  0:24  SCV  
  15  0:38  SCV  
  15  0:40  Barracks  
  16  0:45  Refinery  
  16  0:51  SCV  
  17  1:03  SCV  
  18  1:15  SCV  
  19  1:27  Orbital Command  
  19  1:28  Reaper  
  20  1:40  Command Center  
  20  1:51  Supply Depot  
  20  1:52  SCV  
  21  2:00  Marine  
  22  2:05  SCV  
  23  2:09  Factory  
  23  2:17  SCV  
  23  2:19  Bunker  
  24  2:24  Barracks Reactor  
  24  2:25  Refinery  
  25  2:30  SCV  
  25  2:42  SCV  
  26  2:52  Refinery  
  26  2:53  Orbital Command  
  26  2:54  SCV  
  26  2:56  Starport  
  27  2:59  Hellion  
  27  3:03  Marine  
  27  3:24  Marine x2  
  29  3:28  SCV  
  29  3:32  Factory Tech Lab  
  29  3:38  Viking  
  31  3:44  SCV  
  32  3:48  Marine x2  
  24  4:12  SCV x2, Marine  
  18  4:27  SCV x2  
  19  4:39  Starport Tech Lab, SCV x2  
  19  4:41  Cyclone  
  19  4:42  Marine  
  25  4:51  SCV  
  26  4:57  SCV  
  26  4:58  Raven  
  29  5:01  Marine x2  
  29  5:04  SCV  
  32  5:09  SCV  
  33  5:15  Refinery  
  33  5:16  SCV  
  33  5:21  SCV, Marine  
  35  5:28  SCV  
  37  5:33  SCV  
  39  5:40  SCV  
  38  5:45  SCV  
  38  5:52  SCV  
  39  5:57  SCV  
  39  5:58  Command Center  
  39  6:01  Supply Depot, Barracks x2  
  40  6:04  SCV  
  40  6:05  Supply Depot  
  40  6:09  SCV  
  42  6:16  SCV  
  42  6:19  Marine  
  42  6:21  SCV, Viking  
  42  6:22  Viking  
  48  6:28  SCV  
  49  6:33  SCV  
  49  6:37  Marine  
  51  6:40  SCV  
  51  6:46  SCV  
  49  6:52  SCV  
Show
View Real Time Build Order
Export as new Build Order

CRAM Terran - Winner!

Build Orders: 1/1/1 

Get SALT Encoding   

  12  0:01  SCV  
  13  0:13  SCV  
  14  0:17  Supply Depot  
  14  0:25  SCV  
  15  0:37  Refinery  
  15  0:39  SCV  
  16  0:45  Barracks  
  16  0:53  Refinery  
  16  0:55  SCV  
  17  1:08  SCV  
  18  1:20  SCV  
  19  1:33  Reaper, Orbital Command  
  19  1:38  Factory  
  20  1:53  Supply Depot  
  20  2:00  SCV  
  21  2:05  Reaper  
  22  2:12  SCV  
  23  2:22  Hellion  
  25  2:24  Starport  
  25  2:27  SCV  
  26  2:30  Supply Depot  
  26  2:39  SCV  
  26  2:41  Reaper  
  26  2:44  Hellion  
  30  2:51  SCV  
  30  2:54  Supply Depot  
  31  3:05  Hellion  
  32  3:32  SCV  
  33  3:35  Factory Tech Lab, Starport Reactor  
  33  3:42  Command Center  
  33  3:44  SCV  
  33  3:46  Barracks Reactor  
  34  3:56  SCV  
  35  4:17  Viking x2  
  34  4:29  Siege Tank  
  34  4:31  Marine x2  
  34  4:35  SCV  
  36  4:47  Viking  
  36  4:48  SCV  
  36  4:51  Liberator  
  42  4:55  Orbital Command  
  42  5:00  SCV  
  42  5:02  Siege Tank  
  42  5:06  Marine x2  
  48  5:12  SCV  
  48  5:14  Engineering Bay  
  49  5:24  SCV, Marine x2  
  52  5:34  Siege Tank  
  54  5:36  SCV  
  54  5:40  SCV  
  54  5:42  Marine x2  
  58  5:46  Viking x2  
  62  5:53  Supply Depot  
  62  6:03  Missile Turret  
  62  6:04  Missile Turret  
  62  6:14  SCV x2, Marine  
  63  6:22  Marine  
  64  6:26  SCV  
  64  6:27  SCV  
  64  6:32  Marine  
  65  6:39  SCV x2  
  70  6:55  SCV x2  
Tags
 
Add a new tag
Caveats
  • Supply blocks, unpowered buildings, or Contaminate may cause inaccurate times.
  • Supply counts are checked every 10 seconds.